 Dungeon Crawl Stone Soup version 0.16.0-6-gad6103a (webtiles) character file.

56 Chiseanne the Sneak (level 3, 0/16 HPs)
             Began as a Spriggan Enchanter on Mar 15, 2015.
             Succumbed to an adder's poison
             ... on level 3 of the Dungeon.
             The game lasted 00:07:48 (1652 turns).

Chiseanne the Sneak (Spriggan Enchanter)            Turns: 1652, Time: 00:07:48

Health: 0/16       AC:  3    Str:  5    XL:     3   Next: 71%
Magic:  2/11       EV: 25    Int: 16    God:
Gold:   104        SH:  0    Dex: 21    Spells: 2 memorised, 6 levels left

rFire  + . .     SeeInvis +     a - +1 dagger
rCold  + . .     Clarity  .     b - +1 robe
rNeg   . . .     SustAb   .     (shield restricted)
rPois  +         Gourm    .     (helmet restricted)
rElec  +         Spirit   .     (no cloak)
rCorr  +         Warding  .     (gloves unavailable)
rMut   .         Stasis   .     (boots unavailable)
MR     .....                    e - amulet of rage
Stlth  +++++.....               (no ring)
                                (no ring)

@: agile, lethally poisoned (0 -> -11), resistant, very slightly contaminated,
very quick, not resistant to hostile enchantments, quite stealthy
A: unfitting armour, see invisible, herbivore 3, speed 3, slow metabolism 2
a: Evoke Berserk Rage


You were on level 3 of the Dungeon.
You were not hungry.

You visited 1 branch of the dungeon, and saw 3 of its levels.

You collected 104 gold pieces.

Inventory:

Hand weapons
 a - a +1 dagger (weapon)
 k - a cursed +0 spear
Missiles
 i - 23 sling bullets
 l - 18 arrows
Armour
 b - a +1 robe (worn)
Jewellery
 e - an amulet of rage (around neck)
Magical devices
 h - a wand of flame (18)
 j - a wand of teleportation (4)
Scrolls
 g - a scroll of amnesia
Potions
 n - a potion of resistance
Books
 c - a book of Maledictions

   Spells                             Type                      Level
   a - Corona                         Hexes                        1
   b - Sure Blade                     Hexes/Charms                 2
   c - Ensorcelled Hibernation        Hexes/Ice                    2
   d - Confuse                        Hexes                        3
   e - Dazzling Spray                 Conjuration/Hexes            3
   f - Enslavement                    Hexes                        4
Comestibles
 d - a bread ration
 f - a slice of pizza


   Skills:
 - Level 1.1 Short Blades
 * Level 3.5 Dodging
 * Level 5.0 Stealth
 * Level 3.5 Spellcasting
 * Level 4.5 Hexes


You had 6 spell levels left.
You knew the following spells:

 Your Spells              Type           Power        Failure   Level  Hunger
a - Corona                Hex            ###....      3%          1    None
b - Ensorcelled Hibernat  Hex/Ice        ##....       12%         2    ##.....


Dungeon Overview and Level Annotations

Branches:
Dungeon (3/15)

Altars:
Fedhas


Innate Abilities, Weirdness & Mutations

You are tiny and cannot use many weapons and most armour.
You have supernaturally acute eyesight.
You are a herbivore.
You cover ground extremely quickly.
You need consume almost no food.


Message History

Things that are here:
a flail; an orc corpse Evoke which item? (* to show all) (? for menu, Esc to quit)
Zapping:
h - a wand of flame (will waste charges)
Press: ? - help, Shift-Dir - straight line, f/p - adder
Aim: an adder (heavily wounded)
The puff of flame misses the adder.
Evoking this partially-identified wand wasted a few charges.
You feel sick.
* * * LOW HITPOINT WARNING * * *
You feel sick.
Drink which item? (? for menu, Esc to quit)
You feel agile all of a sudden. The adder completely misses you.
The adder bites you.
* * * LOW HITPOINT WARNING * * *
Drink which item? (? for menu, Esc to quit)
You feel protected.
* * * LOW HITPOINT WARNING * * *
You feel sick. The adder completely misses you.
You die...

.......#.# ##....#.#
#......#.###.....#.# .
#......#.........#.#<. ....
#......#####..........#.#.#.
####.#.###........#........
##.###.##..........#. .#. #.##
##...........## ..
##.###.##.......### b# .#
##.#........##@######.#..#
####..####.#####..S).......#
...#.#####.########......#.....
##....#...........#.####...# #
#####.#.#..####.###.# #.## #
#)#.##.####..##.# ... #
#.#.#....#....#.# ###
#.#.##.#......#.#
#.#.#.........#.#


You could see an adder.

Vanquished Creatures
  An adder (D:2)
  2 worms (D:2)
  2 giant geckos
  An orc (D:3)
  6 bats
  2 giant cockroaches (D:3)
  2 hobgoblins (D:2)
  4 jackals (D:1)
  7 kobolds
  2 giant newts (D:1)
  4 goblins
  3 rats
36 creatures vanquished.

Notes
Turn   | Place    | Note
--------------------------------------------------------------
     0 | D:1      | Chiseanne, the Spriggan Enchanter, began the quest for the Orb.
     0 | D:1      | Reached XP level 1. HP: 9/9 MP: 4/4
   106 | D:1      | Reached XP level 2. HP: 11/13 MP: 5/7
   152 | D:1      | Learned a level 2 spell: Ensorcelled Hibernation
   709 | D:2      | Found a blossoming altar of Fedhas.
   901 | D:2      | Reached XP level 3. HP: 16/16 MP: 5/11
  1581 | D:3      | Reached skill level 5 in Stealth
  1652 | D:3      | Succumbed to an adder's poison

Action                   || total
-------------------------++-------
Melee: Dagger            ||    62
 Cast: Corona            ||    14
       Ensorcelled Hiber ||    22
Evoke: Wand              ||     1
  Use: Scroll            ||     6
       Potion            ||     2
 Stab: Sleeping          ||    20
